 Dungeon Crawl Stone Soup version 0.20-a0-959-gdc9e609 (webtiles) character file.

2473 Alarkh the Chopper (level 9, -10/75 HPs)
             Began as a Demonspawn Skald on Apr 6, 2017.
             Was an Elder of Okawaru.
             Mangled by a nine-headed hydra (13 damage)
             ... on level 3 of the Lair of Beasts.
             The game lasted 00:09:10 (7819 turns).

Alarkh the Chopper (Demonspawn Skald)               Turns: 7819, Time: 00:09:11

Health: -10/75     AC: 10    Str: 13    XL:     9   Next: 26%
Magic:  0/12       EV: 14    Int: 17    God:    Okawaru [****..]
Gold:   366        SH:  0    Dex: 12    Spells: 11/12 levels left

rFire    . . .     SeeInvis .   a - +1 broad axe
rCold    . . .     Gourm    .   (no shield)
rNeg     . . .     Faith    .   F - +1 robe "Xaniahun" {+Fly rElec}
rPois    .         Spirit   +   (helmet restricted)
rElec    +         Reflect  .   (no cloak)
rCorr    .         Harm     .   (no gloves)
MR       .....                  (no boots)
Stlth    +.........             (no amulet)
Regen    0.3/turn               h - +6 ring of slaying
MPRegen  0.2/turn               H - +5 ring of protection

@: no status effects
A: hooves 2, horns 1, icy blue scales 1, demonic guardian 1, robust 1, magic
shield
a: Heroism, Renounce Religion, Evoke Flight


You were on level 3 of the Lair of Beasts.
You worshipped Okawaru.
Okawaru was greatly pleased with you.
You were near starving.

You visited 2 branches of the dungeon, and saw 12 of its levels.
You also visited: Ossuary.

You collected 366 gold pieces.

Inventory:

Hand Weapons
 a - a +1 broad axe (weapon)
 p - a +0 hand axe
 G - a +3 hand axe of chopping
Armour
 b - a +0 leather armour
 f - a +0 helmet
 F - the +1 robe "Xaniahun" (worn) {+Fly rElec}
   (You found it on level 5 of the Dungeon)

   It insulates you from electricity.
   It lets you fly.
Jewellery
 h - a +6 ring of slaying (left hand)
 o - an uncursed ring of stealth
 H - a +5 ring of protection (right hand)
 K - an uncursed ring of fire {unknown}
Wands
 I - a wand of clouds (6/9)
Scrolls
 e - a scroll of identify
 i - a scroll of fog
 l - 3 scrolls of teleportation
 r - 3 scrolls of remove curse {unknown}
 t - 2 scrolls of random uselessness {unknown}
 v - a scroll of immolation {unknown}
 y - a scroll of recharging
 A - 3 scrolls of enchant armour {unknown}
 C - 2 scrolls of fear {unknown}
 J - a scroll of amnesia {unknown}
Potions
 g - 3 potions of curing
 j - 2 potions of flight
 q - 2 potions of resistance
 s - a potion of agility
 u - a potion of heal wounds
 w - 2 potions of lignification
 x - 2 potions of magic
 z - a potion of invisibility
 B - 2 potions of berserk rage {unknown}
 D - a potion of mutation
 E - a potion of haste
Books
 c - a book of Battle

   Spells                             Type                      Level
   a - Infusion                       Charms                       1
   b - Shroud of Golubria             Charms/Translocation         2
   c - Song of Slaying                Charms                       2
   d - Spectral Weapon                Hexes/Charms                 3
   e - Regeneration                   Charms/Necromancy            3
Comestibles
 d - 3 bread rations
 k - 8 fruits
 m - a royal jelly
 n - 3 meat rations


   Skills:
 + Level 6.0 Fighting
 * Level 7.3 Axes
 + Level 5.1 Armour
 + Level 5.4 Dodging
 - Level 2.0 Spellcasting
 - Level 2.6 Charms


You had 11 spell levels left.
You knew the following spells:

 Your Spells              Type           Power        Failure   Level  Hunger
a - Infusion              Chrm           ##..         10%         1    #......


Dungeon Overview and Level Annotations

Branches:
Dungeon (9/15)             Temple (0/1) D:4            Lair (3/6) D:9
  Swamp: Lair:2-4    Shoals: Lair:2-4     Snake: Lair:2-4    Spider: Lair:2-4
    Orc: D:9-12

Altars:
Makhleb
Okawaru
Trog
Xom


Innate Abilities, Weirdness & Mutations

You have hoof-like feet.
You are partially covered in icy blue scales. (AC +2)
A weak demonic guardian rushes to your aid.
When hurt, damage is shared between your health and your magic reserves.
You have a pair of small horns on your head.
You are robust. (+10% HP)


Message History

The nine-headed hydra closely misses you.
The nine-headed hydra misses you.
The nine-headed hydra bites you but does no damage.
The nine-headed hydra bites you! x2
The nine-headed hydra bites you but does no damage.
The nine-headed hydra bites you!
* * * LOW HITPOINT WARNING * * *
The nine-headed hydra bites you.
* * * LOW HITPOINT WARNING * * *
The nine-headed hydra misses you.
The nine-headed hydra bites you but does no damage.
The nine-headed hydra bites you.
* * * LOW HITPOINT WARNING * * *
The nine-headed hydra bites you.
* * * LOW HITPOINT WARNING * * *
The nine-headed hydra bites you!
* * * LOW HITPOINT WARNING * * *
The nine-headed hydra bites you but does no damage.
The nine-headed hydra bites you!
You die...

.... #.<. ###
#...###.##
#..#....###
#P.......P#
##.......###
#..........#
###.D@..?.!#
#....r.....#.#
##......<...#
#............#
#............#
#............#
#...........###
#..........##
........PP


You could see a nine-headed hydra and a porcupine.

Vanquished Creatures
  The ghost of Azzok the Cleaver, a novice FoFi (D:6)
  An orc warrior (D:7)
  2 black bears (D:6)
  An ice beast (D:6)
  2 necrophages (D:5)
  2 ogres (D:4)
  2 centaurs
  2 scorpions (D:5)
  A troll zombie (Ossuary)
  2 howler monkeys
  2 crimson imps
  2 centaur zombies (Ossuary)
  3 orc priests
  2 bullfrog skeletons
  4 orc wizards
  Jessica (D:2)
  4 worker ants
  A big kobold zombie (Ossuary)
  2 ogre zombies (Ossuary)
  6 mummies (Ossuary)
  Robin (D:2)
  15 gnolls
  12 adders
  An ooze (D:1)
  5 adder zombies (Ossuary)
  3 leopard geckos
  15 orcs
  10 giant cockroaches
  2 gnoll zombies (Ossuary)
  12 goblins
  11 hobgoblins
  3 jackals (D:5)
  A quokka (D:4)
  2 ball pythons (D:4)
  4 bats
  5 frilled lizards
  A goblin zombie (Ossuary)
  6 hobgoblin zombies (Ossuary)
  2 jackal skeletons
  A jackal zombie (D:6)
  3 kobolds (D:2)
  4 kobold zombies (Ossuary)
  A leopard gecko skeleton (D:5)
  A leopard gecko zombie (D:5)
  3 rats
  6 rat zombies (Ossuary)
173 creatures vanquished.

Vanquished Creatures (collateral kills)
  A bullfrog (D:6)
  A mummy (Ossuary)
  A worm (D:5)
  A jackal (D:5)
4 creatures vanquished.

Grand Total: 177 creatures vanquished

Notes
Turn   | Place    | Note
-------+----------+-------------------------------------------
     0 | D:1      | Alarkh the Demonspawn Skald began the quest for the Orb.
     0 | D:1      | Reached XP level 1. HP: 16/16 MP: 3/3
    76 | D:1      | Found an iron altar of Okawaru.
    81 | D:1      | Reached skill level 2 in Axes
    88 | D:1      | Became a worshipper of Warmaster Okawaru
   296 | D:1      | Gained mutation: You have large cloven feet. [demonic ancestry]
   296 | D:1      | Reached XP level 2. HP: 22/22 MP: 5/5
   596 | D:2      | Noticed Robin
   598 | D:2      | Reached skill level 1 in Armour
   602 | D:2      | Killed Robin
   602 | D:2      | Gained mutation: You are partially covered in icy blue scales. (AC +2) [demonic ancestry]
   602 | D:2      | Reached XP level 3. HP: 20/28 MP: 0/6
   935 | D:2      | Reached XP level 4. HP: 32/34 MP: 7/7
  1122 | D:2      | Noticed Jessica
  1130 | D:2      | Killed Jessica
  1131 | D:2      | Reached skill level 3 in Axes
  1449 | D:2      | Gained mutation: You have hoof-like feet. [demonic ancestry]
  1449 | D:2      | Reached XP level 5. HP: 24/41 MP: 8/8
  1956 | D:2      | You fall through a shaft for 2 floors!
  1956 | D:4      | Noticed an ogre
  1965 | D:4      | HP: 1/41 [ogre/giant club (20)]
  1966 | D:4      | Killed an ogre
  1966 | D:4      | Reached * piety under Okawaru
  2116 | D:4      | Gained mutation: A weak demonic guardian rushes to your aid. [demonic ancestry]
  2116 | D:4      | Reached XP level 6. HP: 15/47 MP: 9/9
  2121 | D:4      | Found a staircase to the Ecumenical Temple.
  2293 | D:4      | Reached skill level 4 in Axes
  2343 | D:4      | Found a sand-covered staircase.
  2349 | Ossuary  | Entered an ossuary
  2702 | Ossuary  | Reached XP level 7. HP: 49/54 MP: 10/10
  2794 | Ossuary  | Reached ** piety under Okawaru
  3924 | D:4      | Reached skill level 5 in Axes
  5143 | D:2      | Found a burning altar of Makhleb.
  5583 | D:5      | Entered Level 5 of the Dungeon
  5787 | D:5      | Reached XP level 8. HP: 30/61 MP: 11/11
  6290 | D:5      | Got a fabulously ornate robe
  6315 | D:5      | Identified the +1 robe "Xaniahun" {+Fly rElec} (You found it on level 5 of the Dungeon)
  6448 | D:5      | Reached skill level 5 in Fighting
  6449 | D:5      | Reached *** piety under Okawaru
  6506 | D:5      | Found a shimmering altar of Xom.
  6725 | D:5      | Reached skill level 6 in Axes
  7046 | D:6      | Noticed Azzok's ghost (novice FoFi)
  7047 | D:6      | Gained mutation: You have a pair of small horns on your head. [potion of mutation]
  7047 | D:6      | Gained mutation: You are robust. (+10% HP) [potion of mutation]
  7061 | D:6      | Killed Azzok's ghost
  7061 | D:6      | Reached skill level 5 in Dodging
  7062 | D:6      | Reached **** piety under Okawaru
  7062 | D:6      | Gained mutation: When hurt, damage is shared between your health and your magic reserves. [demonic ancestry]
  7062 | D:6      | Reached XP level 9. HP: 56/75 MP: 12/12
  7256 | D:6      | Found a bloodstained altar of Trog.
  7569 | D:6      | Reached skill level 7 in Axes
  7636 | D:7      | Reached skill level 5 in Armour
  7791 | D:9      | Found a staircase to the Lair.
  7799 | Lair:1   | Entered Level 1 of the Lair of Beasts
  7815 | Lair:3   | Noticed an eight-headed hydra
  7819 | Lair:3   | HP: 3/75 [nine-headed hydra (7)]
  7819 | Lair:3   | Mangled by a nine-headed hydra

Vault maps used:
D:1:      tarquinn_simple_flora_water_e, okawaru_ov_weapons_minmay
D:2:      makhleb_grotto_becter, kennysheep_big_empty_room, uniq_robin,
          uniq_jessica
D:4:      minmay_temple_entry_glassed_door, first_bread, enter_ossuary_5
D:5:      basic_altar, grunt_ministairs_5
D:6:      trog_ov_bears_minmay
D:7:      wad_river_or_something
D:9:      lair_entry_dummy, uniq_erica
Lair:1:   grunt_megastairs_4, minmay_lair_oklob_chamber
Lair:2:   uniq_nergalle
Lair:3:   spider_nest_entry_webs, special_room
Ossuary:  ossuary_boxes_badplayer

Skill      XL: |  1  2  3  4  5  6  7  8  9 |
---------------+----------------------------+-----
Dodging        | 2 3 4 5 |  5.4
Axes           | 2 3 4 5 6 7 |  7.3
Armour         | 1 2 3 4 5 |  5.1
Fighting       | 3 4 5 6 |  6.0
Spellcasting   | |  2.0
Charms         | |  2.6

Action                   |  1- 3 |  4- 6 |  7- 9 || total
-------------------------+-------+-------+-------++-------
Melee: Hand axe          |    52 |   116 |   103 ||   271
       Kick              |     9 |    28 |    43 ||    80
       Broad axe         |       |       |   103 ||   103
       Headbutt          |       |       |     7 ||     7
 Cast: Infusion          |     2 |     2 |       ||     4
  Use: Scroll            |     1 |     5 |     7 ||    13
       Potion            |       |     2 |     2 ||     4
 Stab: Sleeping          |       |     8 |     6 ||    14
       Distracted        |       |       |     1 ||     1
  Eat: Chunk             |       |     5 |    12 ||    17
       Fruit             |       |       |     4 ||     4
Armor: Leather armour    |     9 |    22 |    31 ||    62
       Robe              |       |       |    23 ||    23
       Skin              |       |       |     7 ||     7
Dodge: Dodged            |    25 |    39 |   147 ||   211
